AoeStats
← EMERCATORM

Black Forest

508323513Analyzed
4v4 RM · 11d ago on Sep 21, 2026· 13m 18s· 8 players
Game mode
Random Map
Map size
Large (8 player)
Population
200
Speed
Normal
Resources
Standard
Victory
Conquest
Starting age
Dark Age
Ending age
Imperial Age
RankedLock teamsTeams togetherTeam positionsShared explorationLock speedFull tech treeHidden civsTurbo modeCheats
Victory
Defeat
🇲🇽 Vietnamese · Mexico
972
+10
🇺🇸 Britons · United States
904
+12
🇵🇪 Teutons · Peru
890
+13
🇺🇸 Bohemians · United States
841
+15
🇨🇱 Cumans · Chile
903
-44
🇨🇱 Vikings · Chile
858
-40
🇨🇱 Bohemians · Chile
841
-13
🇨🇱 Franks · Chile
700
-23
Neumanoooo
0:35 Loom
10:39 Feudal Age
12:07 Wheelbarrow
11:19 Double-Bit Axe
11:16 Horse Collar
13:28 Gold Mining
13:28 Stone Mining
Paul George
4:11 Loom
12:16 Feudal Age
JOY BOY
0:33 Loom
11:47 Feudal Age
12:18 Double-Bit Axe
SER
0:29 Loom
14:01 Feudal Age
Camilooo
0:28 Loom
13:52 Feudal Age
EMERCATORM
1:36 Loom
12:17 Feudal Age
12:44 Double-Bit Axe
12:42 Horse Collar
Fox
12:11 Feudal Age
jignaciopoblete
0:31 Loom
11:26 Feudal Age
Connection lost

Rejoining the realm…

Still unreachable

The connection could not be restored.

Session expired

The server has moved on; the page needs a fresh start.